 Dungeon Crawl Stone Soup version 0.22.1-2-g9c5b331 (webtiles) character file.

1049 JustSomeDude the Sneak (level 8, -2/60 HPs)
             Began as a Demonspawn Assassin on Dec 29, 2018.
             Slain by a killer bee (6 damage)
             ... on level 7 of the Dungeon.
             The game lasted 00:15:53 (4679 turns).

JustSomeDude the Sneak (Demonspawn Assassin)        Turns: 4679, Time: 00:15:55

Health: -2/60      AC:  3    Str: 12    XL:     8   Next: 5%
Magic:  8/8        EV: 14    Int:  8    God:
Gold:   279        SH:  0    Dex: 25    Spells: 7/7 levels left

rFire    + . .     SeeInvis .   m - +0 short sword (venom)
rCold    + . .     Gourm    +   (no shield)
rNeg     . . .     Faith    .   y - +1 robe "Dicraiz" {+Inv +Fly Int-5 Dex+7}
rPois    +         Spirit   .   (helmet restricted)
rElec    +         Reflect  .   x - scarf {repulsion}
rCorr    +         Harm     .   (no gloves)
MR       .....                  (no boots)
Stlth    ++........             j - amulet of the gourmand
HPRegen  0.20/turn              (no ring)
MPRegen  0.11/turn              (no ring)

@: confused, lethally poisoned (-2 -> -14), resistant, repel missiles
A: horns 2, thin skeletal structure 1
a: Evoke Invisibility, Evoke Flight


You were on level 7 of the Dungeon.
You were very full.

You visited 1 branch of the dungeon, and saw 8 of its levels.

You collected 279 gold pieces.

Inventory:

Hand Weapons
 a - a +2 dagger
 b - a +0 blowgun
 m - a +0 short sword of venom (weapon)
Missiles
 e - 16 poisoned needles
 f - 2 curare-tipped needles
 k - 2 needles of confusion
 r - 36 stones (quivered)
Armour
 x - a scarf of repulsion (worn)
 y - the +1 robe "Dicraiz" (worn) {+Inv +Fly Int-5 Dex+7}
   (You found it on level 4 of the Dungeon)

   It affects your intelligence (-5).
   It affects your dexterity (+7).
   It lets you turn invisible.
   It lets you fly.
Jewellery
 j - an amulet of the gourmand (around neck)
 v - an uncursed ring of ice
Wands
 o - a wand of random effects (32)
Scrolls
 h - 6 scrolls of identify
 i - 2 scrolls of remove curse {unknown}
 l - a scroll of fear {unknown}
 n - a scroll of amnesia {unknown}
 s - a scroll of teleportation {unknown}
 A - a scroll of enchant armour {unknown}
Potions
 c - a potion of heal wounds {unknown}
 q - a potion of invisibility {unknown}
 t - a potion of resistance
 u - a potion of haste {unknown}
 w - a potion of agility {unknown}
 z - a potion of brilliance {unknown}
Comestibles
 g - 11 rations


   Skills:
 + Level 4.0 Fighting
 + Level 4.9 Short Blades
 + Level 1.8 Throwing
 + Level 2.9 Dodging
 + Level 7.1 Stealth


You had 7 spell levels left.
You didn't know any spells.
Your spell library was empty.

Dungeon Overview and Level Annotations

Branches:
Dungeon (8/15)             Temple (0/1) D:7
   Lair: D:8-11

Altars:
Makhleb
Okawaru
Vehumet
Wu Jian
The Shining One

Shops:
D:6 *

Annotations:
D:4 1 runed door
D:5 Edmund
D:6 1 runed door, edgar's ghost, novice OpSu


Innate Abilities, Weirdness & Mutations

You have a pair of horns on your head.
You have a somewhat thin skeletal structure. (Dex +2, Stealth)


Message History

You feel protected.
You feel sick. The killer bee stings you.
* * * LOW HITPOINT WARNING * * *
The killer bee stings you.
* * * LOW HITPOINT WARNING * * *
The killer bee barely misses you. The killer bee stings you.
* * * LOW HITPOINT WARNING * * *
The killer bee closely misses you. The killer bee misses you.
The killer bee stings you.
* * * LOW HITPOINT WARNING * * *
You are more poisoned.
The killer bee poisons you! The killer bee barely misses you.
The killer bee misses you. The killer bee barely misses you.
You are confused.
You feel invigorated.
* * * LOW HITPOINT WARNING * * *
You feel sick. The killer bee barely misses you. The killer bee stings you.
* * * LOW HITPOINT WARNING * * *
The killer bee barely misses you. The killer bee stings you.
You die...

#####. ...... #
#.... .. ##..####.#
#...⌠.h..#
####.yy.....#
##....y@y.⌠.#
#.....y.^...#
##.##...⌠...#
#.###.##..## #.#
#.# .## # #.#
#.##.#########.####
#.#
#...............§..
#.#
########.#####..##.
#.# #.# ..#


You could see a hound and 5 killer bees.

Vanquished Creatures
  A sky beast (D:5)
  A phantom (D:7)
  An ogre (D:5)
  A bullfrog (D:6)
  3 scorpions
  2 crimson imps (D:6)
  A centaur zombie (D:8)
  3 orc priests
  A bullfrog skeleton (D:4)
  An iguana (D:5)
  4 worker ants
  A hound skeleton (D:5)
  A worker ant zombie (D:5)
  9 adders
  A shadow imp (D:6)
  An adder zombie (D:6)
  2 adder skeletons
  A worm (D:6)
  A dart slug (D:2)
  4 leopard geckos
  9 orcs
  A ball python (D:5)
  8 bats
  4 giant cockroaches
  12 goblins
  8 hobgoblins
  10 jackals
  9 kobolds
  3 quokkas
  A ball python skeleton (D:4)
  6 frilled lizards
  A giant cockroach zombie (D:6)
  A leopard gecko skeleton (D:4)
  A quokka zombie (D:3)
  5 rats
119 creatures vanquished.

Notes
Turn   | Place    | Note
-------+----------+-------------------------------------------
     0 | D:1      | JustSomeDude the Demonspawn Assassin began the quest for
                  | the Orb.
     0 | D:1      | Reached XP level 1. HP: 16/16 MP: 1/1
   115 | D:1      | Reached skill level 4 in Stealth
   159 | D:1      | Gained mutation: You have a pair of small horns on your
                  | head. [demonic ancestry]
   159 | D:1      | Reached XP level 2. HP: 22/22 MP: 2/2
   910 | D:1      | Reached XP level 3. HP: 27/27 MP: 3/3
  1600 | D:2      | Found a glowing golden altar of the Shining One.
  1742 | D:3      | Reached XP level 4. HP: 33/33 MP: 4/4
  1770 | D:3      | Reached skill level 5 in Stealth
  1820 | D:3      | Reached skill level 1 in Dodging
  2383 | D:3      | Found a burning altar of Makhleb.
  2491 | D:3      | Gained mutation: You have a somewhat thin skeletal
                  | structure. (Dex +2, Stealth) [demonic ancestry]
  2491 | D:3      | Reached XP level 5. HP: 33/39 MP: 5/5
  3139 | D:4      | Gained mutation: You have a pair of horns on your head.
                  | [demonic ancestry]
  3139 | D:4      | Reached XP level 6. HP: 15/46 MP: 6/6
  3298 | D:4      | Found a glowing golden altar of the Shining One.
  3298 | D:4      | Found a runed door.
  3298 | D:4      | Noticed an angel
  3314 | D:4      | Got an opalescent robe
  3325 | D:4      | Identified the +1 robe "Dicraiz" {+Inv +Fly Int-5 Dex+7}
                  | (You found it on level 4 of the Dungeon)
  3670 | D:5      | Entered Level 5 of the Dungeon
  3680 | D:5      | Noticed Edmund
  3815 | D:5      | Found an ornate altar of the Wu Jian Council.
  3817 | D:5      | Found a radiant altar of Vehumet.
  3820 | D:5      | Found an iron altar of Okawaru.
  3834 | D:5      | Noticed a sky beast
  3838 | D:5      | Killed a sky beast
  3838 | D:5      | Reached skill level 6 in Stealth
  3838 | D:5      | Reached XP level 7. HP: 40/52 MP: 7/7
  4015 | D:6      | Found Alainer's General Store.
  4389 | D:6      | Found a runed door.
  4391 | D:6      | Noticed edgar's ghost (novice OpSu)
  4474 | D:6      | You fall through a shaft for 2 floors!
  4493 | D:8      | Noticed a two-headed ogre
  4501 | D:7      | Reached skill level 7 in Stealth
  4649 | D:7      | Reached XP level 8. HP: 33/60 MP: 8/8
  4671 | D:7      | Found a staircase to the Ecumenical Temple.
  4678 | D:7      | HP: 2/60 [killer bee (2)]
  4679 | D:7      | Slain by a killer bee

Skill      XL: |  1  2  3  4  5  6  7 |
---------------+----------------------+-----
Stealth        | 4 5 6 7 |  7.1
Short Blades   | 2 3 4 |  4.9
Dodging        | 1 2 |  2.9
Fighting       | 3 4 |  4.0
Throwing       | |  1.8

Action                   |  1- 3 |  4- 6 |  7- 9 || total
-------------------------+-------+-------+-------++-------
Melee: Dagger            |    59 |       |       ||    59
       Headbutt          |    11 |    23 |    38 ||    72
       Short sword       |    27 |   137 |    99 ||   263
  Use: Potion            |     1 |     2 |     2 ||     5
       Scroll            |       |     1 |       ||     1
 Stab: Sleeping          |    16 |    14 |     7 ||    37
       Distracted        |     1 |       |       ||     1
  Eat: Chunk             |     2 |    18 |     2 ||    22
Armor: Robe              |    15 |    18 |     8 ||    41
Dodge: Dodged            |    46 |    70 |    59 ||   175
